 Dungeon Crawl Stone Soup version 0.29.1-12-g30fa7ad0bf (webtiles) character file.

Game seed: 16981610137966215963

4309 funkygono the Magician (level 10, 0/69 HPs)
             Began as a Demonspawn Fire Elementalist on Dec 31, 2022.
             Was a Priest of Vehumet.
             Slain by a troll (11 damage)
             ... on level 9 of the Dungeon.
             The game lasted 00:17:48 (8000 turns).

funkygono the Magician (DsFE)                       Turns: 8000, Time: 00:17:49

Health: 0/69       AC:  3    Str: 10    XL:     10   Next: 11%
Magic:  0/21       EV: 13    Int: 26    God:    Vehumet [***...]
Gold:   202        SH:  0    Dex: 17    Spells: 12/24 levels left

rFire   + + +      SeeInvis .   x - +8 whip of Morchif {vorpal, rF++ Str+2 Dex+2}
rCold   . . .      Faith    .   (no shield)
rNeg    . . .      Spirit   +   a - +0 robe
rPois   .          Reflect  .   (helmet restricted)
rElec   .          Harm     .   (no cloak)
rCorr   .          Rampage  .   A - +0 pair of gloves
Will    .....                   (no boots)
Stlth   ++........              (no amulet)
HPRegen 0.21/turn               z - +6 ring of intelligence
MPRegen 0.34/turn               F - ring of protection from fire

@: no status effects
A: antennae 1, foul stench 1, magic shield, magic regeneration, weakness stinger
1, demonic touch 2
a: Renounce Religion


You were on level 9 of the Dungeon.
You worshipped Vehumet.
Vehumet was most pleased with you.
You visited 2 branches of the dungeon, and saw 10 of its levels.
You also visited: Sewer and Ossuary.

You collected 329 gold pieces.
You spent 127 gold pieces at shops.

Inventory:

Hand Weapons
 g - a +0 mace
 i - a +2 whip
 u - a +0 vorpal flail
 x - the +8 whip of Morchif (weapon) {vorpal, rF++ Str+2 Dex+2}
   (You bought it in a shop on level 2 of the Dungeon)

   It inflicts extra damage upon your enemies.
   Str:       It affects your strength (+2).
   Dex:       It affects your dexterity (+2).
   rF:        It greatly protects you from fire.
 J - a +3 whip of freezing
Missiles
 I - a throwing net
Armour
 a - a +0 robe (worn)
 e - a +0 scale mail
 h - a +0 buckler
 r - a +1 helmet
 y - a +3 chain mail of poison resistance
 A - a +0 pair of gloves (worn)
 L - +0 acid dragon scales
Jewellery
 z - a +6 ring of intelligence (left hand)
 D - an amulet of faith
 F - a ring of protection from fire (right hand)
Wands
 B - a wand of charming (9)
 E - a wand of polymorph (20)
Scrolls
 c - 4 scrolls of blinking
 f - 2 scrolls of poison
 k - 4 scrolls of immolation
 n - 3 scrolls of teleportation
 p - a scroll of enchant armour
 t - a scroll of vulnerability
 G - a scroll of identify
 H - a scroll of silence
 K - a scroll of torment {unknown}
Potions
 b - 5 potions of magic
 d - a potion of flight {unknown}
 j - 9 potions of curing
 l - 3 potions of resistance {unknown}
 m - 3 potions of cancellation
 o - 2 potions of haste
 q - 4 potions of lignification
 s - 2 potions of invisibility {unknown}
 v - 2 potions of heal wounds
 w - 3 potions of brilliance
 C - a potion of might {unknown}


   Skills:
 + Level 2.9 Fighting
 + Level 3.7 Maces & Flails
 + Level 3.5 Dodging
 - Level 1.7 Stealth
 + Level 7.9 Spellcasting
 + Level 6.3 Conjurations
 + Level 7.9 Fire Magic


You had 12 spell levels left.
You knew the following spells:

 Your Spells              Type           Power      Damage    Failure   Level
a - Foxfire               Conj/Fire      100%       2x1d9     1%          1
b - Scorch                Fire           100%       2d10      1%          2
c - Conjure Flame         Conj/Fire      47%        6-21      1%          3
d - Flame Wave            Conj/Fire      47%        2d12      1%          4
e - Sandblast             Erth           20%        2d7       1%          1
f - Magic Dart            Conj           100%       1d8       1%          1

Your spell library contained the following spells:

 Spells                   Type           Power      Damage    Failure   Level
 Fulminant Prism          Conj/Hex       13%        3d9       4%          4
 Ignite Poison            Fire/Tmut/Pois 24%        N/A       1%          3
 Inner Flame              Hex/Fire       31%        N/A       1%          3
 Passwall                 Tmut/Erth      8%         N/A       9%          2
 Starburst                Conj/Fire      23%        6d8       12%         6
 Yara's Violent Unravell  Hex/Tmut       5%         3d4       36%         5
 Petrify                  Tmut/Erth      10%        N/A       50%         4


Dungeon Overview and Level Annotations

Branches:
Dungeon (10/15)            Temple (1/1) D:4           Sewer (visited)
Ossuary (visited)
   Lair: D:8-11         Orc: D:9-12

Altars:
Ashenzari
Cheibriados
Dithmenos
Fedhas
Gozag
Hepliaklqana
Kikubaaqudgha
Nemelex Xobeh
Okawaru
Qazlal
Ru
Trog
Uskayaw
Vehumet
Wu Jian
Xom

Shops:
D:2 ((*(


Innate Abilities, Weirdness & Mutations

You have a pair of small antennae on your head.
You may rarely emit foul miasma when damaged in melee.
When hurt, damage is shared between your health and your magic reserves.
You regenerate magic rapidly.
You have a small tail.
Your touch may inflict irresistible damage on your foes.


Message History

Confirm with . or Enter, or press ? or * to list all spells.
Flames lash the troll.
The troll is lightly wounded.
The troll's fire resistance burns away.
Unknown command.
Casting: Scorch (safe; 1% risk of failure)
Confirm with . or Enter, or press ? or * to list all spells.
Okay, then.
The foxfire hits the troll but does no damage.
The troll is lightly wounded.
The boggart mumbles some strange words.
Your foxfire dissipates!
A troll opens the door.
The troll is no longer more vulnerable to fire.
You hit the troll. You tail-slap the troll.
The troll is moderately wounded.
The troll bites you. The troll claws you but does no damage.
The troll claws you!
Casting: Scorch (safe; 1% risk of failure)
Confirm with . or Enter, or press ? or * to list all spells.
Casting: Flame Wave (dangerous; 1% risk of failure)
Press: ? - help, Dir - look around, f - activate A wave of flame ripples out!
The flame wave engulfs the troll!
The troll is heavily wounded. (Press . to intensify the flame waves.)
You hear an angry buzzing noise.
The troll closely misses you. x2; The troll claws you!
* * * LOW HITPOINT WARNING * * *
A wave of flame ripples out!
The flame wave engulfs the troll!
The troll is severely wounded.
The flame wave engulfs the orc!
You kill the orc!
The orc's corpse dissolves into shadows!
The flame wave engulfs the boggart!!
You kill the boggart!
Vehumet accepts your kill. The troll closely misses you. The troll claws you.
* * * LOW HITPOINT WARNING * * *
The troll claws you!
You die...

...# ...#.###.###.# ...#
...#.....o...#
...##+###...#####)#####
............#.oog.....#
..>..)......#.#o.####.#
.#####......#..{{ยง....#
.#...#......######".###..
.#...#......+....T....T..
.#...#......###.@######.#
.#...#......#.........#
.#...#......#.####).#.#
.+...#......#.....[...#
.#'###......#####'#######
.........................
.........................
....#########............
....# #............


You could see 2 trolls.

Vanquished Creatures
  2 two-headed ogres
  A troll (D:9)
  Sigmund (D:3)
  An acid dragon (D:9)
  A sky beast (D:6)
  4 black bears
  An ice beast (D:6)
  A boggart (D:9)
  2 ogres
  A centaur (D:9)
  A phantom (D:5)
  A kobold brigand (D:6)
  3 scorpions (D:6)
  3 water moccasin zombies (Ossuary)
  A wight (D:9)
  6 killer bees (D:9)
  A howler monkey (D:9)
  3 hounds
  5 jellies
  2 gnoll boudas (D:6)
  4 orc priests
  3 iguanas
  Jessica (D:3)
  Terence (D:3)
  4 orc wizards
  2 mummies (Ossuary)
  9 gnolls (D:6)
  6 adders
  4 river rats (Sewer)
  A shadow imp (D:6)
  A white imp (D:6)
  8 adder zombies (Ossuary)
  3 worms
  3 dart slugs
  25 orcs
  11 endoplasms
  8 giant cockroaches
  4 gnoll zombies (Ossuary)
  8 goblins
  8 hobgoblins
  A jackal (D:2)
  4 quokkas
  6 ball pythons
  10 bats
  7 frilled lizards
  7 hobgoblin zombies (Ossuary)
  14 kobolds
  5 kobold zombies (Ossuary)
  7 orc zombies (Ossuary)
  5 rats
221 creatures vanquished.

Vanquished Creatures (others)
  462 foxfires
462 creatures vanquished.

Grand Total: 683 creatures vanquished

Notes
Turn   | Place    | Note
-------+----------+-------------------------------------------
     0 | D:1      | funkygono the Demonspawn Fire Elementalist began the quest
                  | for the Orb.
     0 | D:1      | Reached XP level 1. HP: 13/13 MP: 3/3
   328 | D:1      | Gained mutation: You may rarely emit foul miasma when
                  | damaged in melee. [demonic ancestry]
   328 | D:1      | Reached XP level 2. HP: 13/19 MP: 0/5
   581 | D:1      | Learned a level 2 spell: Scorch
  1378 | D:1      | Found a faded altar of an unknown god.
  1811 | D:2      | Reached XP level 3. HP: 24/24 MP: 4/6
  1860 | D:2      | Found Uplaz's Antique Weapon Boutique.
  1865 | D:2      | Learned a level 3 spell: Conjure Flame
  1888 | D:2      | Found Jaloq's Antique Weapon Shop.
  1991 | D:2      | Found Tataur's Assorted Antiques.
  1996 | D:2      | Found Uwarryuno's Weapon Boutique.
  2631 | D:3      | Noticed Jessica
  2635 | D:3      | Killed Jessica
  2636 | D:3      | Gained mutation: You regenerate magic rapidly. [demonic
                  | ancestry]
  2636 | D:3      | Reached XP level 4. HP: 30/30 MP: 4/7
  2689 | D:3      | Noticed Terence
  2697 | D:3      | Killed Terence
  2925 | D:3      | Reached skill level 1 in Maces & Flails
  2925 | D:3      | Reached XP level 5. HP: 20/36 MP: 3/9
  3098 | D:3      | Found an opulent altar of Gozag.
  3098 | D:3      | Noticed Sigmund
  3104 | D:3      | Killed Sigmund
  3105 | D:3      | Gained mutation: When hurt, damage is shared between your
                  | health and your magic reserves. [demonic ancestry]
  3105 | D:3      | Reached XP level 6. HP: 42/42 MP: 3/11
  3840 | D:2      | Bought a masterwork whip for 127 gold pieces
  3840 | D:2      | Identified the +8 whip of Morchif {vorpal, rF++ Str+2
                  | Dex+2} (You bought it in a shop on level 2 of the Dungeon)
  4313 | D:4      | Reached skill level 1 in Fighting
  4562 | D:4      | Discovered your monstrous ancestry.
  4562 | D:4      | Gained mutation: Your touch may inflict minor irresistible
                  | damage on your foes. [demonic ancestry]
  4562 | D:4      | Reached XP level 7. HP: 24/48 MP: 2/13
  4749 | D:4      | Found a staircase to the Ecumenical Temple.
  4758 | Temple   | Entered the Ecumenical Temple
  4843 | Temple   | Became a worshipper of Vehumet
  5193 | D:4      | Learned a level 4 spell: Flame Wave
  5240 | D:5      | Entered Level 5 of the Dungeon
  5373 | D:5      | Reached skill level 5 in Fire Magic
  5443 | D:5      | Found a glowing drain.
  5458 | Sewer    | Entered a sewer
  5651 | Sewer    | Reached * piety under Vehumet
  5651 | Sewer    | Offered knowledge of Sandblast by Vehumet.
  5655 | Sewer    | Learned a level 1 spell: Sandblast
  5667 | Sewer    | Found a viscous altar of Jiyva.
  5771 | Sewer    | Gained mutation: You have a pair of small antennae on your
                  | head. [demonic ancestry]
  5771 | Sewer    | Reached XP level 8. HP: 54/54 MP: 13/15
  5840 | D:5      | Got the Almanac of the Singed Lithosphere
  5952 | D:5      | Reached skill level 5 in Spellcasting
  6576 | D:6      | Found an ancient bone altar of Kikubaaqudgha.
  6595 | D:6      | Noticed a two-headed ogre
  6601 | D:6      | Killed a two-headed ogre
  6602 | D:6      | Reached skill level 5 in Conjurations
  6602 | D:6      | Gained mutation: You have a small tail. [demonic ancestry]
  6602 | D:6      | Reached XP level 9. HP: 62/62 MP: 15/18
  6614 | D:6      | Found a sand-covered staircase.
  6622 | Ossuary  | Entered an ossuary
  6652 | Ossuary  | Offered knowledge of Magic Dart by Vehumet.
  6655 | Ossuary  | Reached ** piety under Vehumet
  6661 | Ossuary  | Learned a level 1 spell: Magic Dart
  6941 | Ossuary  | Offered knowledge of Static Discharge by Vehumet.
  7491 | D:6      | Reached *** piety under Vehumet
  7710 | D:7      | You fall into a shaft and drop 3 floors!
  7710 | D:10     | Entered Level 10 of the Dungeon
  7788 | D:9      | Offered knowledge of Fulminant Prism by Vehumet.
  7957 | D:9      | Got the Compilation of Transmuted Pestilence
  7964 | D:9      | Noticed a two-headed ogre
  7972 | D:9      | Killed a two-headed ogre
  7973 | D:9      | Gained mutation: Your touch may inflict irresistible damage
                  | on your foes. [demonic ancestry]
  7973 | D:9      | Reached XP level 10. HP: 55/69 MP: 15/21
  8000 | D:9      | Slain by a troll

Illustrated notes

Levels and vault maps discovered:
D:1:      matt_arrival_grand_opening, layout_basic,
          dreamdust_ecumenical_altar_sealed_demon, roderic_serpentine_path,
          corexii_item_surrounded_by_moat, st_stairs_13
D:2:      layout_loops_ring, serial_shops, nicolae_shop_crystal,
          nicolae_shop_stone, shop, shop, minmay_close_crescents
D:3:      minmay_angry_zag, layout_loops_corners, mainiacjoe_overflow_alcove_4,
          uniq_sigmund, uniq_terence, uniq_jessica
D:4:      layout_basic, minmay_temple_entry_antechambers,
          chequers_decorated_corner, minmay_checkerbox
D:5:      layout_loops_ring, cheibrodos_sewer_entry_bend
D:6:      layout_gridville, nicolae_overflow_crystal_walls,
          lightli_ossuary_entry_decrepit_ruins
D:7:      layout_cave_pools, mainiacjoe_overflow_alcove_2, elyvilon_altar_3
D:9:      minmay_the_grid_3x3 [minmay_the_grid_spikes, minmay_the_grid_empty,
          minmay_the_grid_holed_spiral, minmay_the_grid_fan,
          minmay_the_grid_all_tris, minmay_the_grid_broken_lines,
          minmay_the_grid_minigrid_large, minmay_the_grid_garden,
          minmay_the_grid_prize_trominoes], layout_irregular_city, uniq_erolcha
D:10:     minmay_statue_hallways, layout_basic, lemuel_zombie_altar_yredelemnul,
          dpeg_lair_monsters, muffindrake_ghost_dual_entry,
          nicolae_shop_gadgets, uniq_nergalle, uniq_lodul
Temple:   lightli_temple_of_artemis

Skill      XL: |  1  2  3  4  5  6  7  8  9 |
---------------+----------------------------+-----
Fire Magic     | 3 4 5 6 7 |  7.9
Dodging        | 2 3 |  3.5
Conjurations   | 2 3 5 6 |  6.3
Maces & Flails | 1 2 3 |  3.7
Spellcasting   | 3 4 6 7 |  7.9
Fighting       | 1 2 |  2.9
Stealth        | |  1.7

Action                   |  1- 3 |  4- 6 |  7- 9 | 10-12 || total
-------------------------+-------+-------+-------+-------++-------
Melee: Mace              |    11 |       |       |       ||    11
       Whip              |    21 |    57 |    90 |     3 ||   171
       Punch             |     1 |       |       |     1 ||     2
       Touch             |       |       |    20 |       ||    20
       Tailslap          |       |       |    14 |     2 ||    16
 Cast: Foxfire           |    51 |    58 |   159 |     4 ||   272
       Scorch            |     2 |    14 |    30 |     5 ||    51
       Flame Wave        |       |       |     4 |     2 ||     6
  Use: Scroll            |       |       |    21 |       ||    21
Armor: Robe              |    13 |    14 |    18 |     1 ||    46
Dodge: Dodged            |    47 |    28 |    64 |    12 ||   151
